 Dungeon Crawl Stone Soup version 0.28.0 (webtiles) character file.

Game seed: 18296027797872779147

1028 pkoi the Zephyrmancer (level 8, -10/57 HPs)
             Began as a White Draconian Air Elementalist on Feb 16, 2022.
             Mangled by a troll (12 damage)
             ... on level 5 of the Dungeon.
             The game lasted 00:08:17 (6790 turns).

pkoi the Zephyrmancer (DrAE)                        Turns: 6790, Time: 00:08:18

Health: -10/57     AC:  8    Str: 12    XL:     8   Next: 3%
Magic:  9/15       EV: 12    Int: 17    God:
Gold:   213        SH:  0    Dex: 11    Spells: 8/16 levels left

rFire   . . .      SeeInvis .   e - +2 dagger (elec)
rCold   + . .      Faith    .   (no shield)
rNeg    . . .      Spirit   .   (armour unavailable)
rPois   .          Reflect  .   (helmet restricted)
rElec   .          Harm     .   (no cloak)
rCorr   .          Rampage  .   (no gloves)
Will    .....                   l - +1 pair of boots
Stlth   ++........              (no amulet)
HPRegen 0.19/turn               (no ring)
MPRegen 0.14/turn               (no ring)

@: no status effects
A: breathe frost, AC +6, unfitting armour, cold resistance 1, cold-blooded
a: Breathe Frost


You were on level 5 of the Dungeon.
You visited 2 branches of the dungeon, and saw 6 of its levels.

You collected 213 gold pieces.

Inventory:

Hand Weapons
 a - a +1 dagger
 e - a +2 dagger of electrocution (weapon)
Missiles
 g - a throwing net
Armour
 l - a +1 pair of boots (worn)
Jewellery
 c - a ring of positive energy
 d - a ring of poison resistance
 q - a ring of see invisible
Wands
 f - a wand of mindburst (12)
Scrolls
 b - a scroll of fog
 j - a scroll of enchant weapon
 k - 4 scrolls of identify
 n - a scroll of amnesia
 o - a scroll of magic mapping
Potions
 h - a potion of curing
 i - 3 potions of lignification {unknown}
 m - a potion of mutation {unknown}
 p - 2 potions of heal wounds


   Skills:
 - Level 1.7 Dodging
 - Level 1.7 Stealth
 + Level 4.8 Spellcasting
 - Level 1.0 Conjurations
 + Level 8.5 Air Magic


You had 8 spell levels left.
You knew the following spells:

 Your Spells              Type           Power      Damage    Failure   Level
a - Shock                 Conj/Air       80%        1d8       1%          1
b - Swiftness             Air            33%        N/A       1%          3
c - Airstrike             Air            16%        N/A       4%          4

Your spell library contained the following spells:

 Spells                   Type           Power      Damage    Failure   Level
 Static Discharge         Conj/Air       20%        N/A       3%          2
 Beastly Appendage        Tmut           8%         N/A       14%         1
 Wereblood                Tmut           4%         N/A       22%         2
 Spider Form              Tmut/Pois      4%         N/A       41%         3


Dungeon Overview and Level Annotations

Branches:
Dungeon (5/15)             Temple (1/1) D:4

Altars:
Ashenzari
Cheibriados
Dithmenos
Elyvilon
Fedhas
Gozag
Kikubaaqudgha
Makhleb
Nemelex Xobeh
Qazlal
Ru
Trog
Uskayaw
Vehumet
Wu Jian
Yredelemnul
Zin
The Shining One

Annotations:
D:4 3 runed translucent doors, Selrock's ghost, amateur DsFi
D:5 4 runed translucent doors


Innate Abilities, Weirdness & Mutations

You can breathe waves of freezing cold which knock back foes.
Your icy white scales are hard. (AC +6)
You cannot fit into any form of body armour.
Your flesh is cold resistant. (rC+)
You are cold-blooded and may be slowed by cold attacks.


Message History

Press: ? - help, Q - select action, (/) - cycle Shift-Dir - straight line The zap hits the troll.
The troll is severely wounded.
The zap hits the troll.
The troll is severely wounded.
The zap hits the orc.
You kill the orc!
The troll bites you but does no damage. The troll barely misses you.
The troll claws you!
* * * LOW HITPOINT WARNING * * *
Aiming: Shock (safe; 1% risk of failure)
Press: ? - help, Q - select action, (/) - cycle Shift-Dir - straight line The zap misses the troll.
The zap hits the troll.
The troll is almost dead.
The zap hits the centaur skeleton.
The centaur skeleton is heavily damaged.
The troll bites you!
* * * LOW HITPOINT WARNING * * *
The troll claws you but does no damage. The troll claws you!
* * * LOW HITPOINT WARNING * * *
Aiming: Shock (safe; 1% risk of failure)
Press: ? - help, Q - select action, (/) - cycle Shift-Dir - straight line The zap hits the troll but does no damage.
The troll is severely wounded.
The zap hits the troll.
The troll is almost dead.
The zap hits the centaur skeleton.
The centaur skeleton is severely damaged.
The troll bites you but does no damage. The troll claws you but does no damage.
The troll closely misses you.
Aiming: Shock (safe; 1% risk of failure)
Press: ? - help, Q - select action, (/) - cycle Shift-Dir - straight line The zap hits the troll.
The troll is almost dead.
The zap misses the troll.
The zap hits the centaur skeleton.
The centaur skeleton is severely damaged.
The troll bites you!
* * * LOW HITPOINT WARNING * * *
The troll claws you!
You die...

...##..##8?}8##..# #.#
.......#8...D8#..# #.#
...###.+......+..# #.#
.......+......+..# #.#
.......#8....8#.## #.#
#.#.#..##8[!8##.#####.#
..#.....######.....##.##.#
#...###+# #'###.......#
...## #.#@##..##### ##.#
##.#T#..# # ###Z#..# ##.#
#.#..# ...# #.#..# #
#....##..# # ##### )..# #
...# #


You could see a troll and a centaur skeleton.

Vanquished Creatures
  Sigmund (D:4)
  A black bear (D:4)
  An ogre (D:5)
  A wyvern zombie (D:5)
  A scorpion (D:4)
  2 water moccasin zombies (D:4)
  A hound (D:5)
  3 orc priests
  A centaur skeleton (D:5)
  Ijyb (D:4)
  2 orc wizards
  An iguana (D:3)
  A hound zombie (D:4)
  A howler monkey skeleton (D:5)
  7 gnolls
  3 adders
  2 adder zombies (D:4)
  2 adder skeletons
  3 worms
  2 dart slugs (D:2)
  8 orcs
  7 ball pythons
  A bat (D:3)
  4 endoplasms
  2 giant cockroaches
  6 goblins
  7 hobgoblins
  3 jackals
  2 quokkas
  A frilled lizard (D:1)
  4 kobolds
  7 rats
89 creatures vanquished.

Notes
Turn   | Place    | Note
-------+----------+-------------------------------------------
     0 | D:1      | pkoi the Draconian Air Elementalist began the quest for the
                  | Orb.
     0 | D:1      | Reached XP level 1. HP: 14/14 MP: 3/3
   838 | D:2      | Found a faded altar of an unknown god.
   862 | D:2      | Reached XP level 2. HP: 20/20 MP: 1/5
  1119 | D:2      | Reached skill level 4 in Air Magic
  1119 | D:2      | Reached XP level 3. HP: 2/26 MP: 2/6
  1998 | D:3      | Reached XP level 4. HP: 33/33 MP: 3/7
  2063 | D:3      | Reached skill level 5 in Air Magic
  2539 | D:3      | Reached skill level 6 in Air Magic
  2539 | D:3      | Reached XP level 5. HP: 4/38 MP: 1/8
  2834 | D:3      | Found a stormy altar of Qazlal.
  2948 | D:3      | Learned a level 3 spell: Swiftness
  2953 | D:3      | Learned a level 4 spell: Airstrike
  3269 | D:4      | Found a staircase to the Ecumenical Temple.
  3666 | D:4      | Noticed Sigmund
  4122 | Temple   | Entered the Ecumenical Temple
  4309 | D:4      | Noticed Ijyb
  4326 | D:4      | Killed Ijyb
  4486 | D:4      | Reached XP level 6. HP: 20/45 MP: 1/9
  4711 | D:4      | Reached skill level 7 in Air Magic
  4897 | D:4      | Found a runed translucent gate.
  5881 | D:4      | Killed Sigmund
  5882 | D:4      | Your scales start taking on an icy white colour.
  5882 | D:4      | Reached XP level 7. HP: 38/50 MP: 6/12
  5882 | D:4      | Gained mutation: Your flesh is cold resistant. (rC+) [White
                  | Draconian growth]
  6027 | D:4      | Reached skill level 8 in Air Magic
  6234 | D:4      | Found a basalt altar of Yredelemnul.
  6315 | D:4      | Found a runed translucent gate.
  6315 | D:4      | Found a runed translucent gate.
  6315 | D:4      | Noticed Selrock's ghost (amateur DsFi)
  6447 | D:5      | Entered Level 5 of the Dungeon
  6688 | D:5      | Found a large runed translucent door.
  6689 | D:5      | Found a large runed translucent door.
  6699 | D:5      | Found a large runed translucent door.
  6699 | D:5      | Found a large runed translucent door.
  6774 | D:5      | Reached XP level 8. HP: 57/57 MP: 15/15
  6776 | D:5      | Noticed a troll
  6790 | D:5      | HP: 2/57 [troll (12)]
  6790 | D:5      | Mangled by a troll

Illustrated notes

Levels and vault maps discovered:
D:1:      wander_arrival_desolate, layout_basic
D:2:      minmay_door_path, layout_rooms, hellmonk_ecumenical_altar_heavens_door
D:3:      layout_basic, mainiacjoe_overflow_concentric_impassable
D:4:      layout_rooms, nicolae_yredelemnul_corpse_copse,
          minmay_temple_entry_tees, gammafunk_ghost_necromancy,
          minmay_quadrilaterals, uniq_ijyb, uniq_sigmund
D:5:      layout_loops_ring, lemuel_round_altar, minmay_hollow_rounded_squares,
          uniq_edmund
Temple:   regret_index_temple_sphere_string

Skill      XL: |  1  2  3  4  5  6  7 |
---------------+----------------------+-----
Air Magic      | 4 6 7 8 |  8.5
Spellcasting   | 3 4 |  4.8
Dodging        | |  1.7
Stealth        | |  1.7
Conjurations   | |  1.0

Action                   |  1- 3 |  4- 6 |  7- 9 || total
-------------------------+-------+-------+-------++-------
Melee: Dagger            |    18 |    39 |    30 ||    87
       Punch             |     1 |       |     1 ||     2
       Tailslap          |       |     4 |       ||     4
 Cast: Shock             |    59 |   143 |    53 ||   255
 Abil: Breathe Frost     |       |       |     1 ||     1
Evoke: Wand              |       |     3 |       ||     3
  Use: Scroll            |     4 |     7 |       ||    11
       Potion            |       |     1 |       ||     1
Armor: Skin              |     4 |    25 |    29 ||    58
Dodge: Dodged            |    10 |    49 |    52 ||   111
